 Dungeon Crawl Stone Soup version 0.24-a0-584-g9d6b971ae4 (webtiles) character file.

Game seed: 11242829135600911330, levelgen mode: deterministic

655 GameOver the Conjurer (level 7, -8/55 HPs)
             Began as a Naga Wizard on Aug 31, 2019.
             Shot with an arrow by a centaur (16 damage)
             ... on level 5 of the Dungeon.
             The game lasted 00:17:21 (3051 turns).

GameOver the Conjurer (Naga Wizard)                 Turns: 3051, Time: 00:17:22

Health: -8/55      AC:  4    Str: 10    XL:     7   Next: 54%
Magic:  4/12       EV:  9    Int: 25    God:
Gold:   162        SH:  0    Dex:  7    Spells: 4/13 levels left

rFire    + . .     SeeInvis +   w - +2 quarterstaff (chaos)
rCold    + . .     Gourm    .   (shield currently unavailable)
rNeg     + . .     Faith    .   a - +0 robe
rPois    +         Spirit   .   b - +0 hat
rElec    .         Reflect  .   y - scarf {rC+ rF+}
rCorr    .         Harm     .   f - +0 pair of gloves
MR       .....                  (no barding)
Stlth    ++........             (no amulet)
HPRegen  0.18/turn              e - ring of positive energy
MPRegen  0.13/turn              (no ring)

@: brilliant, short of breath, very slightly contaminated, very slow
A: large, see invisible, clumsy 1, deformed body, deterioration 1, poison
resistance, slowness 2, slow metabolism 1, spit poison 2, AC +2
a: Breathe Poison Gas


You were on level 5 of the Dungeon.
You were very hungry.

You visited 1 branch of the dungeon, and saw 5 of its levels.

You collected 162 gold pieces.

Inventory:

Hand Weapons
 c - a +0 club
 s - a +0 spear
 t - a +0 hunting sling
 w - a +2 quarterstaff of chaos (weapon)
 K - a +2 hunting sling of freezing
Missiles
 g - 61 arrows
 i - 15 sling bullets
 A - 34 bolts
 F - 8 boomerangs (quivered)
Armour
 a - a +0 robe (worn)
 b - a +0 hat (worn)
 f - a +0 pair of gloves (worn)
 l - a +0 buckler
 y - a scarf of resistance (worn)
 I - a +0 buckler
Jewellery
 e - a ring of positive energy (left hand)
Wands
 E - a wand of flame (18)
Scrolls
 h - 2 scrolls of magic mapping
 j - 2 scrolls of teleportation
 o - a scroll of enchant armour {unknown}
 r - 3 scrolls of identify
 u - a scroll of immolation {unknown}
 x - a scroll of remove curse {unknown}
 B - a scroll of enchant weapon {unknown}
 D - a scroll of noise {unknown}
 J - a scroll of blinking {unknown}
Potions
 k - a potion of agility
 m - 2 potions of haste
 p - 3 potions of lignification
 q - a potion of curing
 G - a potion of degeneration {unknown}
Comestibles
 d - 5 rations


   Skills:
 - Level 1.5 Dodging
 + Level 4.9 Stealth
 + Level 3.7 Spellcasting
 - Level 6.1 Conjurations
   Level 1.0 Summonings
 + Level 2.5 Translocations
 + Level 3.0 Poison Magic


You had 4 spell levels left.
You knew the following spells:

 Your Spells              Type           Power        Failure   Level  Hunger
a - Magic Dart            Conj           ####         1%          1    None
b - Blink                 Tloc           N/A          1%          2    #......
d - Mephitic Cloud        Conj/Pois/Air  #####...     1%          3    ##.....
f - Conjure Flame         Conj/Fire      #####...     1%          3    ##.....

Your spell library contained the following spells:

 Spells                   Type           Power        Failure   Level  Hunger
 Call Imp                 Summ           ###.....     1%          2    #......
 Slow                     Hex            ###.....     1%          2    #......


Dungeon Overview and Level Annotations

Branches:
Dungeon (5/15)
 Temple: D:4-7

Altars:
Cheibriados
Uskayaw


Innate Abilities, Weirdness & Mutations

You cannot wear boots.
Your serpentine skin is tough. (AC +2)
You have supernaturally acute eyesight. (SInv)
Armour fits poorly on your strangely shaped body.
Your system is resistant to poisons. (rPois)
You cover ground very slowly.
You have a slow metabolism.
You can exhale a cloud of poison.
You are clumsy. (Dex -2)
Your body sometimes deteriorates upon taking damage.


Message History

* * * LOW HITPOINT WARNING * * *
The centaur is engulfed in poison gas.
The centaur looks as sick as possible!
You kill the centaur!
Your Poison Magic skill increases to level 3!
It was a potion of brilliance.
You feel clever all of a sudden.
All of the chunks of flesh in your inventory have rotted away.
You feel better.
You open the door.
There is an open door here.
A leopard gecko comes into view.
You flicker for a moment.
A worm comes into view.
The leopard gecko moves out of view.
You can't do that yet.
You close the door.
Okay, then.
You flicker back into view.
A centaur opens the door.
The centaur shoots an arrow.
The arrow hits you!
You die...

.[. ...........[....'..
...########.......######..
........(................
#............<#.######..
#...............# #..
..#c.(..(.....##########..
.......(#####)....##......
....<..c#####.....##......
.c....l.'@..'.....##......
........#####.....##......
........# #.....##....##
........# ########....'.
####....# #....## #....#
####.# #.# #.## #...


You could see 2 centaurs and a leopard gecko (wandering).

Vanquished Creatures
  An ogre (D:4)
  A centaur (D:5)
  A bullfrog (D:3)
  A crimson imp (D:4)
  2 hounds (D:5)
  An orc wizard (D:4)
  Crazy Yiuf (D:2)
  A bullfrog skeleton (D:5)
  Natasha (thrice) (D:3)
  2 worker ants
  An iguana (D:5)
  4 adders
  A worm (D:2)
  A dart slug (D:1)
  5 leopard geckos
  4 orcs
  5 giant cockroaches
  4 goblins
  6 hobgoblins
  3 jackals (D:1)
  3 quokkas
  2 ball pythons
  5 bats
  6 frilled lizards
  5 kobolds
  A leopard gecko skeleton (D:4)
  5 rats
  A fungus (D:2)
76 creatures vanquished.

Notes
Turn   | Place    | Note
-------+----------+-------------------------------------------
     0 | D:1      | GameOver the Naga Wizard began the quest for the Orb.
     0 | D:1      | Reached XP level 1. HP: 15/15 MP: 4/4
   106 | D:1      | Reached skill level 2 in Conjurations
   106 | D:1      | Reached XP level 2. HP: 12/22 MP: 0/6
   273 | D:1      | You fall into a shaft and drop 1 floor!
   316 | D:2      | Reached skill level 3 in Conjurations
   316 | D:2      | Reached XP level 3. HP: 18/28 MP: 3/7
   373 | D:2      | Found a snail-covered altar of Cheibriados.
   407 | D:2      | Found a hide-covered altar of Uskayaw.
   863 | D:2      | Reached XP level 4. HP: 36/36 MP: 6/8
   933 | D:2      | Reached skill level 4 in Conjurations
  1335 | D:2      | Found a runed translucent door.
  1336 | D:2      | Noticed Crazy Yiuf
  1341 | D:2      | Learned a level 2 spell: Blink
  1345 | D:2      | Learned a level 3 spell: Mephitic Cloud
  1349 | D:2      | Learned a level 3 spell: Conjure Flame
  1476 | D:3      | Noticed a bullfrog
  1492 | D:3      | Killed a bullfrog
  1492 | D:3      | Reached XP level 5. HP: 29/42 MP: 4/9
  1550 | D:3      | Noticed Natasha
  1555 | D:3      | Killed Natasha
  1555 | D:3      | Reached skill level 5 in Conjurations
  1623 | D:3      | Noticed Natasha
  1627 | D:3      | Killed Natasha
  1705 | D:3      | Noticed Natasha
  1725 | D:3      | Killed Natasha
  1859 | D:3      | Found a faded altar of an unknown god.
  2116 | D:2      | Killed Crazy Yiuf
  2116 | D:2      | Reached XP level 6. HP: 49/49 MP: 4/10
  2304 | D:4      | Reached skill level 6 in Conjurations
  2582 | D:4      | Reached skill level 1 in Poison Magic
  2606 | D:4      | Reached XP level 7. HP: 41/55 MP: 7/11
  2773 | D:5      | Entered Level 5 of the Dungeon
  3036 | D:5      | Gained mutation: Your body sometimes deteriorates upon
                  | taking damage. [potion of mutation]
  3036 | D:5      | Gained mutation: You are clumsy. (Dex -2) [potion of
                  | mutation]
  3036 | D:5      | Gained mutation: You can exhale a cloud of poison. [potion
                  | of mutation]
  3040 | D:5      | HP: 1/55 [centaur (9)]
  3051 | D:5      | Shot with an arrow by a centaur

Levels and vault maps discovered:
D:1:      ebering_trefoil_twist, layout_loops_cross, minmay_pentomino_q2
D:2:      layout_rooms, overflow_temple_1_default, cheibriados_altar_1,
          minmay_worlds_worst_comb, uniq_crazy_yiuf_cottage
D:3:      layout_loops_ring, chequers_ecumenical_altar_lobes, uniq_natasha
D:4:      layout_basic, first_ration, lemuel_another_geyser
D:5:      layout_basic, chequers_temple_overflow_minitemple

Skill      XL: |  1  2  3  4  5  6  7 |
---------------+----------------------+-----
Conjurations   | 2 3 4 5 6 |  6.1
Poison Magic   | 1 3 |  3.0
Stealth        | 4 |  4.9
Translocations | 2 |  2.5
Dodging        | |  1.5
Spellcasting   | |  3.7
Summonings     | |  1.0

Action                   |  1- 3 |  4- 6 |  7- 9 || total
-------------------------+-------+-------+-------++-------
Melee: Whip              |     2 |       |       ||     2
       Short sword       |     1 |    50 |       ||    51
       Spear             |       |    12 |     1 ||    13
       Quarterstaff      |       |    11 |    14 ||    25
 Cast: Magic Dart        |    32 |    41 |     7 ||    80
       Mephitic Cloud    |       |     3 |     6 ||     9
       Conjure Flame     |       |     1 |     1 ||     2
       Blink             |       |       |     1 ||     1
 Abil: Spit Poison       |    32 |    29 |    12 ||    73
       Breathe Poison Ga |       |       |     1 ||     1
  Use: Potion            |     1 |       |     5 ||     6
       Scroll            |       |       |     5 ||     5
 Stab: Confused          |       |     1 |     1 ||     2
  Eat: Chunk             |     1 |     7 |     2 ||    10
Armor: Robe              |     4 |     3 |     4 ||    11
Dodge: Dodged            |    17 |    17 |     5 ||    39

Table legend:
 A = Non-vault XP
 B = Vault XP
 C = Vault XP percentage of total XP
 D = Non-vault monster count
 E = Vault monster count
 F = Vault count percentage of total count
                 A         B        C        D         E       F
            +---------+---------+-------+---------+---------+-------
      Total |     853 |      83 |   8.9 |      70 |       5 |   6.7
            +---------+---------+-------+---------+---------+-------
        D:1 |      39 |       2 |   4.9 |      21 |       1 |   4.5
        D:2 |      70 |      44 |  38.6 |      19 |       3 |  13.6
        D:3 |     155 |      37 |  19.3 |       8 |       1 |  11.1
        D:4 |     278 |       0 |   0.0 |      12 |       0 |   0.0
        D:5 |     311 |       0 |   0.0 |      10 |       0 |   0.0
            +---------+---------+-------+---------+---------+-------
